 Dungeon Sprint DCSS version 0.17-a0-1181-gabc46e6 (webtiles) character file.

1159 nuthulu the Protected (level 8, -8/81 HPs)
             Began as a Minotaur Fighter on May 31, 2015.
             Was a Believer of Cheibriados.
             Killed by divine providence
             ... invoked by an orc priest
              (14 damage)
             ... in the Dungeon (Sprint III: "The Ten Rune Challenge").
             The game lasted 00:03:38 (918 turns).

nuthulu the Protected (Minotaur Fighter)             Turns: 918, Time: 00:03:38

Health: -8/81      AC:  9    Str: 26    XL:     8   Next: 16%
Magic:  7/7        EV: 13    Int:  9    God:    Cheibriados [**....]
Gold:   30         SH: 13    Dex: 13    Spells: 0 memorised, 7 levels left

rFire  . . .     SeeInvis .     a - +0 flail
rCold  + . .     Clarity  .     b - +0 scale mail
rNeg   . . .     SustAt   .     c - +0 shield
rPois  .         Gourm    .     (helmet restricted)
rElec  .         Spirit   .     (no cloak)
rCorr  .         Warding  .     (no gloves)
rMut   .         NoTele   +     (no boots)
MR     .....                    (no amulet)
Stlth  ..........               (no ring)
                                (no ring)

@: lethally poisoned (-8 -> -23), very slow, not resistant to hostile
enchantments, extremely unstealthy
A: retaliatory headbutt, hooves 1, horns 2, molten scales 1, clumsy 1, cold
resistance 1, regeneration 1, MP-powered wands
a: Bend Time, Renounce Religion


You were in the Dungeon.
You worshipped Cheibriados.
Cheibriados was pleased with you.
You were not hungry.

You visited 1 branch You collected 30 gold pieces.

Inventory:

Hand weapons
 a - a +0 flail (weapon)
Armour
 b - a +0 scale mail (worn)
 c - a +0 shield (worn)
Magical devices
 v - a wand of magic darts (21)
Scrolls
 k - a scroll of blinking
 m - a scroll of torment {unknown}
 n - 3 scrolls of identify
 o - 4 scrolls of remove curse
 s - 2 scrolls of immolation {unknown}
Potions
 d - a potion of might
 f - 2 potions of curing
 g - a potion of heal wounds
 h - a potion of haste
 i - 2 potions of magic
 j - 2 potions of berserk rage
 q - a potion of brilliance {unknown}
 r - 4 potions of flight
 u - 2 potions of cure mutation
Comestibles
 e - a bread ration
 p - a royal jelly
 t - 3 fruits


   Skills:
 * Level 10.9 Fighting
 * Level 9.1 Maces & Flails
 * Level 10.9 Armour
 * Level 7.6 Dodging
 - Level 1.0 Stealth
 * Level 10.5 Shields


You had 7 spell levels left.
You didn't know any spells.

Dungeon Overview and Level Annotations

Branches:
Dungeon (1/1)

Altars:
Cheibriados
Dithmenos
Elyvilon
Fedhas
Gozag
Kikubaaqudgha
Makhleb
Nemelex Xobeh
Okawaru
Qazlal
Ru
Sif Muna
Trog
Vehumet
Xom
Yredelemnul
Zin
The Shining One
Jiyva
Lugonu

Shops:
D (

Annotations:
D Erica


Innate Abilities, Weirdness & Mutations

You reflexively headbutt those who attack you in melee.
You have a pair of horns on your head.
You have large cloven feet.
You are partially covered in molten scales (AC +1).
You are clumsy. (Dex -2)
Your flesh is cold resistant.
Your natural rate of healing is unusually fast.
You expend magic power (3 MP) to strengthen your wands.


Message History

Deactivating autopickup; reactivate with Ctrl-A.
The orc sorcerer hits you but does no damage.
You are lethally poisoned!
You block the orc warrior's attack.
Unknown command.
Unknown command.
Unknown command.
Unknown command.
You sock the orc warrior!
You kill the orc warrior!
Cheibriados appreciates the change of pace.
Cheibriados raises the support of your attributes as your movement slows.
* * * LOW HITPOINT WARNING * * *
You feel sick. Something hits you.
* * * LOW HITPOINT WARNING * * *
Something burns you.
* * * LOW HITPOINT WARNING * * *
The orc priest invokes the aid of Beogh against you.
Something smites you!
You die...

▓▓▓ ▓▓▓▓▓
##.############$#$# #
##..#___#__[#__#555###∩$
.#..#)..#...#._#555oo...
.#..###)#'###)##53Zo3o..
'#..#..........#o3oooo..
#...'.⌠........#)oo4#
#...#...######'#@#
....#.).#__#...#{#####
....#...#__#...#§§§≈≈+
....#)###__#...#.#≈§≈#
....#.:.#__#...'.#§§§#
....#___#_.'...#.# §§
▓▓▓▓▓▓▓▓▓▓▓▓▓▓▓▓▓▓ ▓▓▓


You could see an orc knight, an ice devil, an orc high priest, a sun demon, a
blue devil, a ynoxinul, 2 orc sorcerers, an orc warrior (frenzied), 4 orc
priests, 2 orcs, 7 ufetubi and an orc zombie.

Vanquished Creatures
  A deep elf priest (D)
  A shadow (D)
  A spatial vortex (D)
  An orc warrior (D)
  A necrophage (D)
  A water elemental (D)
  A scorpion (D)
  A jelly (D)
  A wizard (D)
  A necromancer (D)
  3 humans (D)
  A kobold demonologist (D)
  2 oozes (D)
  2 orcs (D)
  2 rats (D)
20 creatures vanquished.

Vanquished Creatures (others)
  2 draconian scorchers (D)
  A yaktaur (D)
  A plant (D)
4 creatures vanquished.

Grand Total: 24 creatures vanquished

Notes
Turn   | Place    | Note
--------------------------------------------------------------
     0 | D        | nuthulu the Minotaur Fighter began the quest for the Orb.
     0 | D        | Reached XP level 1. HP: 19/19 MP: 0/0
    15 | D        | Reached skill level 4 in Fighting
    19 | D        | Reached XP level 2. HP: 24/28 MP: 1/1
    56 | D        | Reached skill level 1 in Dodging
    93 | D        | Killed a yaktaur
   125 | D        | Noticed a scorpion
   133 | D        | Killed a scorpion
   133 | D        | Reached skill level 5 in Fighting
   133 | D        | Reached skill level 5 in Armour
   133 | D        | Reached skill level 5 in Shields
   133 | D        | Reached XP level 3. HP: 34/37 MP: 2/2
   150 | D        | Reached skill level 6 in Fighting
   150 | D        | Reached XP level 4. HP: 16/44 MP: 3/3
   236 | D        | Killed a white draconian scorcher
   359 | D        | Gained mutation: You have large cloven feet. [potion of mutation]
   359 | D        | Gained mutation: You are clumsy. (Dex -2) [potion of mutation]
   359 | D        | Gained mutation: You are partially covered in molten scales (AC +1). [potion of mutation]
   360 | D        | Gained mutation: Your flesh is cold resistant. [potion of mutation]
   360 | D        | Gained mutation: You expend magic power (3 MP) to strengthen your wands. [potion of mutation]
   360 | D        | Gained mutation: Your natural rate of healing is unusually fast. [potion of mutation]
   363 | D        | Noticed a water elemental
   370 | D        | Killed a water elemental
   370 | D        | Reached skill level 7 in Fighting
   430 | D        | Killed a white draconian scorcher
   473 | D        | Found a radiant altar of Vehumet.
   473 | D        | Found a deep blue altar of Sif Muna.
   473 | D        | Found an ancient bone altar of Kikubaaqudgha.
   473 | D        | Noticed a wizard
   482 | D        | Reached XP level 5. HP: 42/52 MP: 4/4
   485 | D        | Killed a wizard
   485 | D        | Reached skill level 5 in Maces & Flails
   512 | D        | Found a glowing silver altar of Zin.
   512 | D        | Found a glowing golden altar of the Shining One.
   512 | D        | Found a white marble altar of Elyvilon.
   513 | D        | Noticed a deep elf priest
   522 | D        | Killed a deep elf priest
   522 | D        | Reached skill level 9 in Fighting
   522 | D        | Reached skill level 5 in Dodging
   522 | D        | Reached XP level 6. HP: 40/63 MP: 5/5
   579 | D        | Found an iron altar of Okawaru.
   579 | D        | Found a bloodstained altar of Trog.
   579 | D        | Noticed a human
   579 | D        | Noticed a human
   596 | D        | Killed a human
   596 | D        | Reached XP level 7. HP: 45/71 MP: 6/6
   603 | D        | Killed a human
   603 | D        | Reached skill level 10 in Fighting
   603 | D        | Reached skill level 10 in Armour
   677 | D        | Found a basalt altar of Yredelemnul.
   677 | D        | Found a snail-covered altar of Cheibriados.
   677 | D        | Found a blossoming altar of Fedhas.
   677 | D        | Noticed a necrophage
   677 | D        | Noticed a necromancer
   687 | D        | Killed a necromancer
   692 | D        | Killed a necrophage
   692 | D        | Reached skill level 10 in Shields
   697 | D        | Became a worshipper of Cheibriados the Contemplative
   705 | D        | Noticed a jelly
   710 | D        | Killed a jelly
   720 | D        | Noticed a shadow
   738 | D        | Killed a shadow
   738 | D        | Reached skill level 1 in Stealth
   869 | D        | Found a stormy altar of Qazlal.
   869 | D        | Found a sacrificial altar of Ru.
   869 | D        | Found a burning altar of Makhleb.
   869 | D        | Found a shimmering altar of Xom.
   870 | D        | Found a viscous altar of Jiyva.
   870 | D        | Found a shadowy altar of Dithmenos.
   870 | D        | Found a sparkling altar of Nemelex Xobeh.
   870 | D        | Found a corrupted altar of Lugonu.
   870 | D        | Found an opulent altar of Gozag.
   870 | D        | Noticed a spatial vortex
   880 | D        | Killed a spatial vortex
   880 | D        | Acquired Cheibriados's first power
   880 | D        | Reached XP level 8. HP: 81/81 MP: 7/7
   908 | D        | Noticed an orc warrior
   909 | D        | Noticed an orc priest
   909 | D        | Noticed an orc wizard
   909 | D        | Noticed an orc priest
   909 | D        | Noticed an orc sorcerer
   910 | D        | Found Jougg's Weapon Emporium.
   910 | D        | Noticed an orc warrior
   910 | D        | Noticed an orc priest
   910 | D        | Noticed an orc priest
   910 | D        | Noticed an orc knight
   910 | D        | Noticed an orc high priest
   910 | D        | Noticed an orc sorcerer
   911 | D        | Noticed Erica
   912 | D        | Noticed a blue devil
   913 | D        | Noticed a sun demon
   914 | D        | Noticed an ice devil
   918 | D        | Killed an orc warrior
   918 | D        | Killed from afar by an orc priest

Vault maps used:
D:        dungeon_sprint_mu

Action                   |  1- 3 |  4- 6 |  7- 9 || total
-------------------------+-------+-------+-------++-------
Melee: Flail             |    36 |    36 |    50 ||   122
  Use: Potion            |       |     2 |       ||     2
       Scroll            |       |     1 |       ||     1
  Eat: Royal jelly       |       |       |     1 ||     1
